 Dungeon Crawl Stone Soup version 0.22.1-1-ga44c0e56f4 (webtiles) character file.

325 Knicklaso the Cutter (level 6, 0/39 HPs)
             Began as a Halfling Warper on Sept 30, 2018.
             Slain by a scorpion (7 damage)
             ... on level 4 of the Dungeon.
             The game lasted 00:12:20 (5001 turns).

Knicklaso the Cutter (Halfling Warper)              Turns: 5001, Time: 00:12:21

Health: 0/39       AC:  5    Str: 14    XL:     6   Next: 78%
Magic:  17/17      EV: 15    Int: 11    God:
Gold:   199        SH:  0    Dex: 14    Spells: 4/8 levels left

rFire    x . .     SeeInvis .   t - +1 dagger (speed)
rCold    + . .     Gourm    .   (shield restricted)
rNeg     . . .     Faith    .   b - +0 leather armour
rPois    .         Spirit   .   (no helmet)
rElec    .         Reflect  .   (no cloak)
rCorr    .         Harm     .   (no gloves)
MR       .....                  m - +1 pair of boots
Stlth    +.........             (no amulet)
HPRegen  0.13/turn              d - ring of ice
MPRegen  0.15/turn              r - ring of magical power

@: lethally poisoned (0 -> -7)
A: small, mutation resistance 1
a: no special abilities


You were on level 4 of the Dungeon.
You were not hungry.

You visited 1 branch of the dungeon, and saw 4 of its levels.

You collected 199 gold pieces.

Inventory:

Hand Weapons
 n - a +0 scimitar
 t - a +1 dagger of speed (weapon)
Missiles
 e - 5 tomahawks of dispersal
 i - 50 stones (quivered)
Armour
 b - a +0 leather armour (worn)
 m - a +1 pair of boots (worn)
Jewellery
 d - a ring of ice (left hand)
 q - an uncursed ring of fire
 r - a ring of magical power (right hand)
Scrolls
 c - 4 scrolls of teleportation {unknown}
 g - a scroll of fog {unknown}
 h - 2 scrolls of fear {unknown}
 j - a scroll of magic mapping {unknown}
 o - a scroll of remove curse {unknown}
 p - 3 scrolls of identify {unknown}
Potions
 a - a potion of curing {unknown}
 k - a potion of resistance {unknown}
 l - a potion of agility
 s - a potion of heal wounds {unknown}
 u - a potion of magic {unknown}
Comestibles
 f - 2 rations


   Skills:
 - Level 2.1 Fighting
 * Level 6.2 Short Blades
 - Level 1.0 Throwing
 - Level 1.1 Armour
 - Level 2.6 Dodging
 - Level 1.5 Spellcasting
 - Level 3.0 Charms
 - Level 4.0 Translocations


You had 4 spell levels left.
You knew the following spells:

 Your Spells              Type           Power        Failure   Level  Hunger
a - Shroud of Golubria    Chrm/Tloc      #.........   13%         2    ###....
b - Blink                 Tloc           N/A          11%         2    ###....

Your spell library contained the following spells:

 Spells                   Type           Power        Failure   Level  Hunger
 Gell's Gravitas          Tloc           #.........   22%         3    ####...
 Lesser Beckoning         Tloc           #.........   22%         3    ####...
 Teleport Other           Tloc           #.......     22%         3    ####...
 Passage of Golubria      Tloc           N/A          56%         4    #####..


Dungeon Overview and Level Annotations

Branches:
Dungeon (4/15)
 Temple: D:4-7

Altars:
Xom
Yredelemnul


Innate Abilities, Weirdness & Mutations

You are small and have problems with some larger weapons.
You are somewhat resistant to further mutation.


Message History

* * * LOW HITPOINT WARNING * * *
You hit the scorpion but do no damage.
The scorpion is severely wounded.
* * * LOW HITPOINT WARNING * * *
You feel sick.
You hit the scorpion but do no damage.
The scorpion is severely wounded.
The scorpion misses you.
You barely miss the scorpion.
The scorpion is severely wounded.
You hit the scorpion but do no damage.
The scorpion is severely wounded.
* * * LOW HITPOINT WARNING * * *
You feel sick. The scorpion closely misses you.
You hit the scorpion but do no damage.
The scorpion is severely wounded.
You closely miss the scorpion.
The scorpion is severely wounded.
The scorpion stings you!
You die...

## .# ######### #####
#..........###...#######
#.#######....###......#
#........s@.# #.####.#
##.##.#.........###...#
#.......########...##.#
........## ###.###.#
......##.# #...# #.#
.....##.## #.### #.#
#....#..# #.# #.≈
##.##.#.# ### #≈≈ ##
###.' ≈≈≈


You could see a scorpion.

Vanquished Creatures
  The ghost of PeterQ the Sneak, an amateur GnEn (D:3)
  2 orc priests (D:3)
  A bullfrog skeleton (D:4)
  Terence (D:2)
  An iguana (D:4)
  2 adders (D:2)
  A worker ant simulacrum (D:3)
  2 oozes (D:1)
  A worm (D:2)
  A dart slug (D:2)
  2 adder simulacra (D:3)
  2 leopard geckos
  3 orcs (D:3)
  2 giant cockroaches
  7 hobgoblins
  12 jackals
  5 kobolds
  2 quokkas
  A ball python simulacrum (D:3)
  5 bats
  5 frilled lizards
  6 goblins
  A jackal simulacrum (D:3)
  4 rats
70 creatures vanquished.

Notes
Turn   | Place    | Note
-------+----------+-------------------------------------------
     0 | D:1      | Knicklaso the Halfling Warper began the quest for the Orb.
     0 | D:1      | Reached XP level 1. HP: 14/14 MP: 3/3
   509 | D:1      | Reached XP level 2. HP: 12/19 MP: 4/4
   668 | D:1      | Reached skill level 3 in Short Blades
  1043 | D:1      | Reached XP level 3. HP: 20/24 MP: 5/5
  1110 | D:1      | Learned a level 2 spell: Blink
  1113 | D:1      | Learned a level 2 spell: Shroud of Golubria
  1843 | D:2      | Reached XP level 4. HP: 22/29 MP: 4/6
  1953 | D:2      | Reached skill level 1 in Charms
  2075 | D:2      | Reached skill level 4 in Short Blades
  2581 | D:2      | Found a shimmering altar of Xom.
  2581 | D:2      | Found a shimmering altar of Xom.
  2582 | D:2      | Found a shimmering altar of Xom.
  2584 | D:2      | Found a shimmering altar of Xom.
  2706 | D:2      | Noticed Terence
  2881 | D:2      | Killed Terence
  2881 | D:2      | Reached XP level 5. HP: 34/34 MP: 5/7
  3138 | D:3      | Noticed an ice beast
  3700 | D:4      | Reached skill level 5 in Short Blades
  3789 | D:3      | Reached XP level 6. HP: 39/39 MP: 8/8
  3875 | D:3      | Found a runed gate.
  3875 | D:3      | Found a runed gate.
  3875 | D:3      | Found a runed gate.
  3935 | D:3      | Found a faded altar of an unknown god.
  4049 | D:3      | Found a basalt altar of Yredelemnul.
  4373 | D:3      | Noticed PeterQ's ghost (amateur GnEn)
  4781 | D:3      | Killed PeterQ's ghost
  4781 | D:3      | Reached skill level 6 in Short Blades
  5001 | D:4      | Slain by a scorpion

Skill      XL: |  1  2  3  4  5  6 |
---------------+-------------------+-----
Fighting       | 2 |  2.1
Short Blades   | 3 4 5 6 |  6.2
Charms         | 1 2 3 |  3.0
Translocations | 4 |  4.0
Throwing       | |  1.0
Armour         | |  1.1
Dodging        | |  2.6
Spellcasting   | |  1.5

Action                   |  1- 3 |  4- 6 || total
-------------------------+-------+-------++-------
Melee: Short sword       |   142 |    67 ||   209
       Dagger            |       |   304 ||   304
Throw: Stone             |     3 |     3 ||     6
 Cast: Shroud of Golubri |     2 |    14 ||    16
  Use: Scroll            |       |     1 ||     1
 Stab: Sleeping          |     2 |     1 ||     3
  Eat: Chunk             |     2 |    10 ||    12
       Ration            |       |     1 ||     1
Armor: Leather armour    |    24 |    25 ||    49
Dodge: Dodged            |    93 |   130 ||   223
